 Dungeon Crawl Stone Soup version 0.30.0-30-g96aa6591b8 (webtiles) character file.

Game seed: 7715832015714478

132 Descartes the Digger (level 5, -3/35 HPs)
             Began as a Formicid Earth Elementalist on June 30, 2023.
             Slain by an iguana (14 damage)
             ... on level 4 of the Dungeon.
             The game lasted 00:05:55 (2813 turns).

Descartes the Digger (Formicid Earth Elementalist)  Turns: 2813, Time: 00:05:56

Health: -3/35      AC:  3    Str: 14    XL:     5   Next: 38%
Magic:  5/10       EV: 12    Int: 15    God:
Gold:   174        SH:  5    Dex: 14    Spells: 9/10 levels left

rFire   . . .        (no weapon)
rCold   . . .        (no shield)
rNeg    . . .        a - +0 robe
rPois   .            (helmet unavailable)
rElec   .            (no cloak)
rCorr   .            s - +0 pair of gloves
SInv    +            (no boots)
Will    .....        h - amulet of reflection
Stlth   ++           (no ring)
HPRegen 0.25/turn    (no ring)
MPRegen 0.12/turn

%: reflection
@: no status effects
A: permanent stasis, dig shafts and tunnels, antennae 3, four strong arms
a: Dig, Shaft Self


You were on level 4 of the Dungeon.
You visited 1 branch of the dungeon, and saw 4 of its levels.

You collected 174 gold pieces.

Inventory:

Missiles
 r - 5 poisoned darts
 w - 2 boomerangs
Armour
 a - a +0 robe (worn)
 s - a +0 pair of gloves (worn)
Magical Staves
 u - a staff of earth
Jewellery
 h - an amulet of reflection (around neck)
Wands
 m - a wand of paralysis (6)
Scrolls
 c - 3 scrolls of identify {unknown}
 d - a scroll of magic mapping {unknown}
 f - a scroll of blinking {unknown}
 g - 2 scrolls of enchant armour {unknown}
 k - 6 scrolls of teleportation {unknown}
 l - a scroll of immolation {unknown}
 p - 3 scrolls of fear {unknown}
 t - a scroll of noise {unknown}
 x - a scroll of poison {unknown}
 y - a scroll of vulnerability {unknown}
Potions
 b - a potion of magic
 e - 4 potions of curing {unknown}
 i - 2 potions of haste {unknown}
 j - a potion of mutation {unknown}
 n - a potion of attraction {unknown}
 o - 2 potions of brilliance {unknown}
 q - a potion of degeneration {unknown}
 v - a potion of ambrosia {unknown}


   Skills:
 - Level 1.7 Dodging
 - Level 2.4 Stealth
 + Level 3.4 Spellcasting
 - Level 1.1 Transmutations
 * Level 6.0 Earth Magic


You had 9 spell levels left.
You knew the following spells:

 Your Spells              Type           Power      Damage    Failure   Level
a - Sandblast             Erth           40%        2d10      1%          1

Your spell library contained the following spells:

 Spells                   Type           Power      Damage    Failure   Level
 Passwall                 Tmut/Erth      10%        N/A       7%          2
 Stone Arrow              Conj/Erth      22%        3d8       17%         3
 Petrify                  Tmut/Erth      13%        N/A       41%         4
 Borgnjor's Vile Clutch   Necr/Erth      5%         N/A       83%         5
 Alistair's Intoxication  Tmut/Pois      2%         N/A       99%         5
 Eringya's Noxious Bog    Tmut/Pois      2%         N/A       100%        6


Dungeon Overview and Level Annotations

Branches:
Dungeon (4/15)
 Temple: D:4-7

Altars:
Ashenzari
Fedhas

Shops:
D:4 !

Annotations:
D:4 1 runed translucent door, Levsong's ghost, amateur MfGl


Innate Abilities, Weirdness & Mutations

You cannot be hasted, slowed, berserked, paralysed or teleported.
You can dig through walls and to a lower floor.
You have a pair of large antennae on your head. (SInv)
Your four strong arms can wield two-handed weapons with a shield.


Message History

Press: ? - help, Shift-Dir - straight line, f/p - iguana
Aim: an iguana (lightly wounded, 85% to hit)
The blast of sand misses the iguana.
You block the iguana's attack.
Casting: Sandblast (safe; 1% risk of failure)
Confirm with . or Enter, or press ? or * to list all spells.
Aiming: Sandblast (safe; 1% risk of failure)
Press: ? - help, Shift-Dir - straight line, f/p - iguana
Aim: an iguana (lightly wounded, 85% to hit)
The blast of sand hits the iguana but does no damage.
The iguana is lightly wounded.
The iguana misses you.
Casting: Sandblast (safe; 1% risk of failure)
Confirm with . or Enter, or press ? or * to list all spells.
Aiming: Sandblast (safe; 1% risk of failure)
Press: ? - help, Shift-Dir - straight line, f/p - iguana
Aim: an iguana (lightly wounded, 85% to hit)
The blast of sand hits the iguana.
The iguana is moderately wounded.
The iguana misses you. The iguana bites you!
Casting: Sandblast (safe; 1% risk of failure)
Confirm with . or Enter, or press ? or * to list all spells.
Aiming: Sandblast (safe; 1% risk of failure)
Press: ? - help, Shift-Dir - straight line, f/p - iguana
Aim: an iguana (moderately wounded, 85% to hit)
The blast of sand hits the iguana but does no damage.
The iguana is moderately wounded.
The ball python hisses angrily.
The iguana bites you! The iguana attacks as you move away!
The iguana bites you.
* * * LOW HITPOINT WARNING * * *
There is an open door here.
Casting: Sandblast (safe; 1% risk of failure)
Confirm with . or Enter, or press ? or * to list all spells.
Aiming: Sandblast (safe; 1% risk of failure)
Press: ? - help, Shift-Dir - straight line, f/p - iguana
Aim: an iguana (moderately wounded, 85% to hit)
The blast of sand hits the iguana but does no damage.
The iguana is moderately wounded.
You block the iguana's attack. The iguana bites you!
You die...

#...........# #...........#
######.##..## #######
###########.##..## #......
#..#.........'...# #......
#..#.........#...# . #....#
#.#######.#..#<.##
..##....###.###.###.#######
...........Sl@.......#
#..........#........#
#..........#...)....#
#..........#........#
.'.#..########..###### .#
#'# #######..# ...
#........# '.....+........#
.#.....#........#


You could see an iguana and a ball python.

Vanquished Creatures
  An iguana (D:4)
  4 adders
  2 worms (D:2)
  2 dart slugs
  3 orcs (D:4)
  2 ball pythons
  4 endoplasms
  2 giant cockroaches
  6 goblins
  5 hobgoblins
  3 jackals (D:1)
  5 kobolds
  A quokka (D:2)
  4 bats
  5 frilled lizards
  7 rats
56 creatures vanquished.

Notes
Turn   | Place    | Note
-------+----------+-------------------------------------------
     0 | D:1      | Descartes the Formicid Earth Elementalist began the quest
                  | for the Orb.
     0 | D:1      | Reached XP level 1. HP: 13/13 MP: 3/3
   174 | D:1      | Reached skill level 4 in Earth Magic
   174 | D:1      | Reached XP level 2. HP: 19/19 MP: 1/5
   524 | D:1      | You fall into a shaft and drop 1 floor!
   537 | D:2      | Identified the +2 robe "Acecveme" {Rampage rF- Stlth+
                  | Archmagi}
   578 | D:2      | Reached XP level 3. HP: 24/24 MP: 4/6
   852 | D:2      | Reached skill level 5 in Earth Magic
   921 | D:1      | Reached XP level 4. HP: 30/30 MP: 6/8
  1459 | D:2      | Found a blossoming altar of Fedhas.
  1979 | D:3      | Found a broken altar of Ashenzari.
  2396 | D:4      | Reached XP level 5. HP: 35/35 MP: 6/9
  2454 | D:4      | Found a runed translucent door.
  2457 | D:4      | Noticed Levsong's ghost (amateur MfGl)
  2512 | D:4      | Reached skill level 6 in Earth Magic
  2620 | D:4      | Found Keikkell's Distillery.
  2813 | D:4      | Slain by an iguana

Illustrated notes

Levels and vault maps discovered:
D:1:      onia_arrival_handbag, layout_rooms, minmay_door_square,
          chequers_hall_statues_y
D:2:      layout_basic, basic_altar, dreamdust_wishing_well
D:3:      layout_rooms, ashenzari_altar_1
D:4:      layout_gridville, mainiacjoe_overflow_24_doors, serial_shops, shop,
          ebering_ghost_sewer_d

Skill      XL: |  1  2  3  4  5 |
---------------+----------------+-----
Earth Magic    | 4 5 6 |  6.0
Spellcasting   | 3 |  3.4
Dodging        | |  1.7
Stealth        | |  2.4
Transmutations | |  1.1

Action                     |  1- 3 |  4- 6 || total
---------------------------+-------+-------++-------
   Cast: Sandblast         |    39 |    69 ||   108
 Armour: Robe              |     2 |     7 ||     9
  Dodge: Dodged            |     7 |    25 ||    32
  Block: Other             |     4 |    12 ||    16
         Reflection        |       |     1 ||     1
